Jets vs Lightning

Created - December 19 2011 at 17:23

Goals
1 2 3 T
Jets 1 1 2 4
Lightning 3 2 3 8
Shots
1 2 3 T
Jets 13 7 15 35
Lightning 13 12 13 38

Period #1

1. Jets , Ryan Callahan 16 (Alex Goligoski, Antoine Vermette) at 6:19
2. Lightning , Patrick Sharp 16 (Patrick Kane, Tomas Plekanec) at 9:22
3. Lightning , Brent Seabrook 6 (Patrick Sharp, Patrick Kane) at 9:48 (PP)
4. Lightning , Brent Seabrook 7 (Patrick Sharp, Patrick Kane) at 10:37 (PP)

Penalties :
Barret Jackman (TBL) for Roughing (Minor) at 4:08, James Wisniewski (WPG) for Interference (Minor) at 9:30, Christian Ehrhoff (WPG) for Interference (Minor) at 10:03, Maxime Talbot (TBL) for Holding (Minor) at 11:48, Brian Boyle (WPG) for Interference (Minor) at 14:00, Patrick Sharp (TBL) for High sticking (Minor) at 19:53

Period #2

5. Lightning , Martin Havlat 9 (Ilya Kovalchuk, Scott Hartnell) at 8:04 (PP)
6. Lightning , Martin Havlat 10 (Tim Gleason) at 13:17
7. Jets , Martin Erat 18 (Mike Ribeiro, Ryan Malone) at 17:37

Penalties :
Barret Jackman (TBL) for Holding (Minor) at 0:25, Mark Giordano (WPG) for Holding (Minor) at 1:14, Brian Boyle (WPG) for High sticking (Double Minor) at 7:04, Scott Hartnell (TBL) for Holding (Minor) at 10:51, Mark Giordano (WPG) for Hooking (Minor) at 14:08, Maxime Talbot (TBL) for Fighting (Major) at 16:34, Mark Giordano (WPG) for Fighting (Major) at 16:34, Ryan Callahan (WPG) for Delaying the game (Minor) at 18:33

Period #3

8. Lightning , Paul Stastny 7 (Patrick Kane, Brent Seabrook) at 0:22 (PP)
9. Lightning , Patrick Sharp 17 (Martin Havlat, Tomas Plekanec) at 5:41 (PP)
10. Jets , Clarke MacArthur 8 (Marc Staal) at 8:33
11. Jets , Christian Ehrhoff 8 (Mike Ribeiro, Ryan Suter) at 13:34 (PP)
12. Lightning , Maxime Talbot 3 (Marcel Goc, Andrej Meszaros) at 18:28

Penalties :
Mark Giordano (WPG) for Diving (Minor) at 4:19, Martin Havlat (TBL) for Hooking (Minor) at 8:54, Andy Sutton (TBL) for Interference (Minor) at 12:21, Ryan Malone (WPG) for Cross-checking (Minor) at 16:05

Goalie Stats

Ilya Bryzgalov (WPG), 14 saves from 19 shots - (0.737), L, 16-13-4, 33:17 minutes
Steve Mason (WPG), 16 saves from 19 shots - (0.842), 26:43 minutes
Cory Schneider (TBL), 31 saves from 35 shots - (0.886), W, 15-8-3, 60:00 minutes

Players Stats

Jets
Player Name              G  A  P  +/- PIM S  H  SB FO    MP 
------------------------------------------------------------
Alex Goligoski           0  1  1   2  0   0  0  1  0/0   15 
Andrei Loktionov         0  0  0   0  0   0  0  0  0/0   0  
Antoine Vermette         0  1  1   1  0   0  0  0  7/10  11 
Brian Boyle              0  0  0  -2  6   0  1  0  5/14  11 
Christian Ehrhoff        1  0  1   1  2   4  2  1  0/0   23 
Clarke MacArthur         1  0  1  -2  0   3  0  0  1/2   13 
Colby Armstrong          0  0  0  -2  0   0  0  1  1/1   11 
Erik Cole                0  0  0   0  0   6  0  0  3/5   12 
Frans Nielsen            0  0  0   0  0   0  0  0  11/30 18 
James Wisniewski         0  0  0   0  2   1  1  1  0/0   18 
Jordan Caron             0  0  0   1  0   1  0  0  0/1   13 
Marc Staal               0  1  1  -2  0   1  2  2  0/0   20 
Mark Giordano            0  0  0  -2  11  5  0  0  0/0   19 
Martin Erat              1  0  1   1  0   2  0  0  0/1   16 
Mike Ribeiro             0  2  2   1  0   5  0  0  21/40 23 
Ryan Callahan            1  0  1   1  2   3  2  2  1/1   23 
Ryan Malone              0  1  1   1  2   3  3  1  1/3   16 
Ryan Suter               0  1  1   1  0   1  0  4  0/0   25 
Lightning
Player Name              G  A  P  +/- PIM S  H  SB FO    MP 
------------------------------------------------------------
Andrej Meszaros          0  1  1   2  0   3  0  2  0/0   24 
Andy Sutton              0  0  0  -2  2   0  2  1  0/0   15 
Barret Jackman           0  0  0  -1  4   2  0  1  0/0   22 
Brent Seabrook           2  1  3   1  0   2  0  3  0/0   23 
Ilya Kovalchuk           0  1  1   0  0   2  0  0  0/0   16 
Josh Gorges              0  0  0   1  0   0  0  1  0/0   21 
Marcel Goc               0  1  1   1  0   1  2  1  4/11  8  
Martin Havlat            2  1  3   0  2   5  2  0  0/0   13 
Maxime Talbot            1  0  1   1  7   2  1  1  0/0   9  
Nick Spaling             0  0  0   1  0   0  0  0  1/2   12 
Patrick Kane             0  4  4   1  0   2  0  0  1/2   16 
Patrick Sharp            2  2  4   1  2   7  0  0  2/2   16 
Paul Stastny             1  0  1   0  0   4  0  0  11/24 16 
R.J. Umberger            0  0  0  -2  0   1  0  1  14/20 17 
Scott Hartnell           0  1  1  -2  2   3  1  0  2/2   13 
Teddy Purcell            0  0  0  -2  0   2  0  0  1/1   11 
Tim Gleason              0  1  1  -1  0   0  1  2  0/0   16 
Tomas Plekanec           0  2  2   1  0   2  4  0  21/44 19 

3 Stars

1 - Brent Seabrook (TBL)
2 - Patrick Sharp (TBL)
3 - Martin Havlat (TBL)

Power Play

Jets - 1 on 7 Attempt(s) - 14.29%
Lightning - 5 on 10 Attempt(s) - 50.00%

Penalty Kill

Jets - 5 on 10 Attempt(s) - 50.00% - Score 0 goal in Penalty Kill
Lightning - 6 on 7 Attempt(s) - 85.71% - Score 0 goal in Penalty Kill

Game Notes

Steve Mason enters game at 13:17 of 2nd period
Mark Giordano beats up Maxime Talbot at 16:34 of 2nd period

Finance

Level 1 -- Attendance: 4111 (63.25%) -- Ticket Income $513,875.00
Level 2 -- Attendance: 2807 (56.14%) -- Ticket Income $196,490.00
Level 3 -- Attendance: 2481 (70.89%) -- Ticket Income $104,202.00
Level 4 -- Attendance: 1538 (40.93%) -- Ticket Income $46,140.00
Luxury Box -- Attendance: 589 (58.90%) -- Ticket Income $147,250.00
Game was played at the St.Pete Times Forum
Total Attendance: 11526 (58.34%)
Total Ticket Income: $1,014,445.00
Other Income: $213,933.90
Total Income: $1,228,379.00


Play by Play

Period #1

0:01 of 1st period - Erik Cole wins face-off versus Tomas Plekanec in neutral zone.
0:05 of 1st period - Off-side.
0:06 of 1st period - Paul Stastny wins face-off versus Mike Ribeiro in neutral zone.
0:38 of 1st period - Shot by Martin Havlat.
0:38 of 1st period - Stopped by Ilya Bryzgalov without a rebound.
0:39 of 1st period - Frans Nielsen wins face-off versus Tomas Plekanec in Jets zone.
0:39 of 1st period - Ryan Suter is hit by Tomas Plekanec and loses puck.
0:58 of 1st period - Shot by James Wisniewski.
0:58 of 1st period - Shot Blocked by Brent Seabrook.
1:21 of 1st period - Shot by Patrick Kane.
1:21 of 1st period - Shot Blocked by Ryan Callahan.
1:30 of 1st period - Icing by James Wisniewski.
1:31 of 1st period - R.J. Umberger wins face-off versus Frans Nielsen in Jets zone.
2:20 of 1st period - Icing by Frans Nielsen.
2:21 of 1st period - Paul Stastny wins face-off versus Erik Cole in Jets zone.
2:40 of 1st period - Shot by Martin Havlat.
2:40 of 1st period - Shot Misses the Net.
2:43 of 1st period - Icing by James Wisniewski.
2:44 of 1st period - Patrick Kane wins face-off versus Frans Nielsen in Jets zone.
2:45 of 1st period - Shot by Patrick Sharp.
2:45 of 1st period - Shot Misses the Net.
2:47 of 1st period - Shot by Brent Seabrook.
2:47 of 1st period - Shot Blocked by James Wisniewski.
2:49 of 1st period - Shot by Andrej Meszaros.
2:49 of 1st period - Stopped by Ilya Bryzgalov without a rebound.
2:50 of 1st period - Ryan Malone wins face-off versus Tomas Plekanec in Jets zone.
2:54 of 1st period - Off-side.
2:55 of 1st period - Nick Spaling wins face-off versus Brian Boyle in neutral zone.
3:02 of 1st period - Shot by Marcel Goc.
3:02 of 1st period - Shot Misses the Net.
3:09 of 1st period - Maxime Talbot is hit by Marc Staal and loses puck.
4:03 of 1st period - Shot by Mike Ribeiro.
4:03 of 1st period - Shot Blocked by R.J. Umberger.
4:05 of 1st period - Shot by Christian Ehrhoff.
4:05 of 1st period - Stopped by Cory Schneider with a rebound.
4:08 of 1st period - Minor Penalty to Barret Jackman for Roughing.
4:09 of 1st period - Antoine Vermette wins face-off versus Tomas Plekanec in Lightning zone.
4:10 of 1st period - Shot by Mark Giordano.
4:10 of 1st period - Stopped by Cory Schneider with a rebound.
4:22 of 1st period - Shot by Christian Ehrhoff.
4:22 of 1st period - Shot Misses the Net.
4:24 of 1st period - Shot by Martin Erat.
4:24 of 1st period - Deflect By Antoine Vermette.
4:24 of 1st period - Shot Misses the Net.
4:26 of 1st period - Shot by Mark Giordano.
4:26 of 1st period - Shot Misses the Net.
4:28 of 1st period - Shot by Martin Erat.
4:28 of 1st period - Shot Misses the Net.
4:30 of 1st period - Shot by Mark Giordano.
4:30 of 1st period - Stopped by Cory Schneider without a rebound.
4:31 of 1st period - Mike Ribeiro wins face-off versus R.J. Umberger in Lightning zone.
4:53 of 1st period - Icing by Christian Ehrhoff.
4:54 of 1st period - Tomas Plekanec wins face-off versus Mike Ribeiro in Jets zone.
5:02 of 1st period - Icing by Mike Ribeiro.
5:03 of 1st period - Mike Ribeiro wins face-off versus Tomas Plekanec in Jets zone.
5:03 of 1st period - Mike Ribeiro is hit by Maxime Talbot.
6:11 of 1st period - Shot by Tomas Plekanec.
6:11 of 1st period - Stopped by Ilya Bryzgalov without a rebound.
6:12 of 1st period - Antoine Vermette wins face-off versus Paul Stastny in Jets zone.
6:19 of 1st period - Shot by Ryan Callahan.
6:19 of 1st period - Goal by Ryan Callahan - Jets : 1 - Lightning : 0.
6:20 of 1st period - Ryan Callahan wins face-off versus Tomas Plekanec in neutral zone.
6:20 of 1st period - Ryan Callahan is hit by Tomas Plekanec.
6:26 of 1st period - Shot by Ryan Callahan.
6:26 of 1st period - Shot Misses the Net.
6:30 of 1st period - Shot by Jordan Caron.
6:30 of 1st period - Stopped by Cory Schneider without a rebound.
6:31 of 1st period - Teddy Purcell wins face-off versus Ryan Malone in Lightning zone.
6:50 of 1st period - Shot by Ryan Malone.
6:50 of 1st period - Shot Misses the Net.
6:52 of 1st period - Shot by Mike Ribeiro.
6:52 of 1st period - Deflect By Ryan Malone.
6:52 of 1st period - Shot Misses the Net.
6:56 of 1st period - Shot by Christian Ehrhoff.
6:56 of 1st period - Shot Blocked by Barret Jackman.
6:58 of 1st period - Shot by Christian Ehrhoff.
6:58 of 1st period - Shot Misses the Net.
8:01 of 1st period - Antoine Vermette is hit by Tim Gleason and loses puck.
8:38 of 1st period - Shot by Mike Ribeiro.
8:38 of 1st period - Deflect By Martin Erat.
8:38 of 1st period - Shot Misses the Net.
8:40 of 1st period - Shot by Christian Ehrhoff.
8:40 of 1st period - Shot Misses the Net.
8:44 of 1st period - Shot by Christian Ehrhoff.
8:44 of 1st period - Stopped by Cory Schneider with a rebound.
9:22 of 1st period - Shot by Patrick Sharp.
9:22 of 1st period - Goal by Patrick Sharp - Jets : 1 - Lightning : 1.
9:23 of 1st period - Frans Nielsen wins face-off versus Tomas Plekanec in neutral zone.
9:30 of 1st period - Minor Penalty to James Wisniewski for Interference.
9:31 of 1st period - Patrick Sharp wins face-off versus Frans Nielsen in Jets zone.
9:42 of 1st period - Shot by Brent Seabrook.
9:42 of 1st period - Shot Blocked by Ryan Suter.
9:44 of 1st period - Shot by Patrick Sharp.
9:44 of 1st period - Shot Misses the Net.
9:46 of 1st period - Shot by Patrick Sharp.
9:46 of 1st period - Shot Misses the Net.
9:48 of 1st period - Shot by Brent Seabrook.
9:48 of 1st period - Goal by Brent Seabrook - Jets : 1 - Lightning : 2.
9:49 of 1st period - Scott Hartnell wins face-off versus Mike Ribeiro in neutral zone.
10:03 of 1st period - Minor Penalty to Christian Ehrhoff for Interference.
10:04 of 1st period - Tomas Plekanec wins face-off versus Mike Ribeiro in Jets zone.
10:27 of 1st period - Shot by Patrick Kane.
10:27 of 1st period - Shot Blocked by Ryan Suter.
10:29 of 1st period - Shot by Patrick Kane.
10:29 of 1st period - Deflect By Patrick Sharp.
10:29 of 1st period - Stopped by Ilya Bryzgalov with a rebound.
10:33 of 1st period - Shot by Patrick Kane.
10:33 of 1st period - Shot Hit the Post.
10:35 of 1st period - Shot by Patrick Sharp.
10:35 of 1st period - Shot Misses the Net.
10:37 of 1st period - Shot by Brent Seabrook.
10:37 of 1st period - Goal by Brent Seabrook - Jets : 1 - Lightning : 3.
10:38 of 1st period - Frans Nielsen wins face-off versus R.J. Umberger in neutral zone.
10:43 of 1st period - Shot by Erik Cole.
10:43 of 1st period - Stopped by Cory Schneider without a rebound.
10:44 of 1st period - R.J. Umberger wins face-off versus Brian Boyle in Lightning zone.
10:48 of 1st period - Icing by Scott Hartnell.
10:49 of 1st period - R.J. Umberger wins face-off versus Frans Nielsen in Lightning zone.
11:12 of 1st period - Shot by Erik Cole.
11:12 of 1st period - Stopped by Cory Schneider without a rebound.
11:13 of 1st period - Marcel Goc wins face-off versus Mike Ribeiro in Lightning zone.
11:13 of 1st period - Maxime Talbot is hit by Ryan Malone and loses puck.
11:19 of 1st period - Icing by Nick Spaling.
11:20 of 1st period - Marcel Goc wins face-off versus Brian Boyle in Lightning zone.
11:35 of 1st period - Nick Spaling is hit by Brian Boyle and loses puck.
11:48 of 1st period - Minor Penalty to Maxime Talbot for Holding.
11:49 of 1st period - Mike Ribeiro wins face-off versus Nick Spaling in Lightning zone.
12:13 of 1st period - Shot by Ryan Suter.
12:13 of 1st period - Shot Misses the Net.
12:17 of 1st period - Shot by Erik Cole.
12:17 of 1st period - Stopped by Cory Schneider without a rebound.
12:18 of 1st period - Tomas Plekanec wins face-off versus Frans Nielsen in Lightning zone.
12:27 of 1st period - Shot by Mark Giordano.
12:27 of 1st period - Shot Blocked by Brent Seabrook.
13:27 of 1st period - Icing by Christian Ehrhoff.
13:28 of 1st period - Erik Cole wins face-off versus R.J. Umberger in Jets zone.
13:39 of 1st period - Shot by Christian Ehrhoff.
13:39 of 1st period - Shot Blocked by Andrej Meszaros.
13:41 of 1st period - Shot by Christian Ehrhoff.
13:41 of 1st period - Stopped by Cory Schneider without a rebound.
13:42 of 1st period - Tomas Plekanec wins face-off versus Frans Nielsen in Lightning zone.
13:59 of 1st period - Shot by Clarke MacArthur.
13:59 of 1st period - Shot Misses the Net.
14:00 of 1st period - Minor Penalty to Brian Boyle for Interference.
14:01 of 1st period - Mike Ribeiro wins face-off versus Paul Stastny in Jets zone.
15:00 of 1st period - Shot by Andrej Meszaros.
15:00 of 1st period - Stopped by Ilya Bryzgalov without a rebound.
15:01 of 1st period - Tomas Plekanec wins face-off versus Mike Ribeiro in Jets zone.
15:27 of 1st period - Shot by Patrick Sharp.
15:27 of 1st period - Shot Misses the Net.
15:29 of 1st period - Shot by Andrej Meszaros.
15:29 of 1st period - Stopped by Ilya Bryzgalov without a rebound.
15:30 of 1st period - Paul Stastny wins face-off versus Frans Nielsen in Jets zone.
15:49 of 1st period - Shot by Patrick Kane.
15:49 of 1st period - Stopped by Ilya Bryzgalov with a rebound.
15:51 of 1st period - Shot by Paul Stastny.
15:51 of 1st period - Shot Misses the Net.
15:53 of 1st period - Shot by Barret Jackman.
15:53 of 1st period - Deflect By Ilya Kovalchuk.
15:53 of 1st period - Shot Blocked by Ryan Callahan.
15:55 of 1st period - Shot by Ilya Kovalchuk.
15:55 of 1st period - Shot Blocked by Marc Staal.
15:57 of 1st period - Shot by Patrick Kane.
15:57 of 1st period - Shot Misses the Net.
15:59 of 1st period - Shot by Barret Jackman.
15:59 of 1st period - Shot Misses the Net.
16:17 of 1st period - Shot by Mike Ribeiro.
16:17 of 1st period - Shot Blocked by Josh Gorges.
16:21 of 1st period - Shot by Mike Ribeiro.
16:21 of 1st period - Shot Blocked by Marcel Goc.
16:23 of 1st period - Shot by Ryan Malone.
16:23 of 1st period - Stopped by Cory Schneider without a rebound.
16:24 of 1st period - R.J. Umberger wins face-off versus Brian Boyle in Lightning zone.
16:33 of 1st period - Shot by Teddy Purcell.
16:33 of 1st period - Stopped by Ilya Bryzgalov without a rebound.
16:34 of 1st period - Paul Stastny wins face-off versus Antoine Vermette in Jets zone.
16:34 of 1st period - Ilya Kovalchuk is hit by James Wisniewski and loses puck.
16:42 of 1st period - Ryan Callahan is hit by Martin Havlat and loses puck.
16:55 of 1st period - Shot by Paul Stastny.
16:55 of 1st period - Shot Blocked by Ryan Suter.
17:39 of 1st period - Shot by Patrick Sharp.
17:39 of 1st period - Stopped by Ilya Bryzgalov with a rebound.
17:49 of 1st period - Shot by Alex Goligoski.
17:49 of 1st period - Shot Blocked by Brent Seabrook.
17:51 of 1st period - Shot by Ryan Malone.
17:51 of 1st period - Shot Misses the Net.
17:53 of 1st period - Shot by Mike Ribeiro.
17:53 of 1st period - Stopped by Cory Schneider with a rebound.
17:55 of 1st period - Shot by Mike Ribeiro.
17:55 of 1st period - Shot Hit the Post.
17:59 of 1st period - Shot by Mike Ribeiro.
17:59 of 1st period - Stopped by Cory Schneider without a rebound.
18:00 of 1st period - Colby Armstrong wins face-off versus R.J. Umberger in Lightning zone.
18:04 of 1st period - Clarke MacArthur is hit by Andy Sutton and loses puck.
18:20 of 1st period - Off-side.
18:21 of 1st period - Mike Ribeiro wins face-off versus Marcel Goc in neutral zone.
18:23 of 1st period - Off-side.
18:24 of 1st period - Mike Ribeiro wins face-off versus Marcel Goc in neutral zone.
18:24 of 1st period - Alex Goligoski is hit by Marcel Goc and loses puck.
18:41 of 1st period - Shot by Marcel Goc.
18:41 of 1st period - Shot Blocked by Alex Goligoski.
18:45 of 1st period - Shot by Maxime Talbot.
18:45 of 1st period - Shot Misses the Net.
18:47 of 1st period - Shot by Marcel Goc.
18:47 of 1st period - Stopped by Ilya Bryzgalov without a rebound.
18:48 of 1st period - R.J. Umberger wins face-off versus Brian Boyle in Jets zone.
19:01 of 1st period - Shot by Teddy Purcell.
19:01 of 1st period - Shot Misses the Net.
19:07 of 1st period - Shot by Teddy Purcell.
19:07 of 1st period - Shot Misses the Net.
19:53 of 1st period - Minor Penalty to Patrick Sharp for High sticking.
19:54 of 1st period - Mike Ribeiro wins face-off versus Tomas Plekanec in Lightning zone.

Period #2

0:01 of 2nd period - Tomas Plekanec wins face-off versus Mike Ribeiro in neutral zone.
0:25 of 2nd period - Minor Penalty to Barret Jackman for Holding.
0:26 of 2nd period - Frans Nielsen wins face-off versus R.J. Umberger in Lightning zone.
1:14 of 2nd period - Minor Penalty to Mark Giordano for Holding.
1:15 of 2nd period - Tomas Plekanec wins face-off versus Erik Cole in Jets zone.
2:31 of 2nd period - Icing by Patrick Sharp.
2:32 of 2nd period - Tomas Plekanec wins face-off versus Frans Nielsen in Lightning zone.
2:32 of 2nd period - Tomas Plekanec is hit by Ryan Callahan.
2:41 of 2nd period - Icing by Tomas Plekanec.
2:42 of 2nd period - Tomas Plekanec wins face-off versus Frans Nielsen in Lightning zone.
2:59 of 2nd period - Marc Staal is hit by Martin Havlat and loses puck.
3:40 of 2nd period - Shot by Scott Hartnell.
3:40 of 2nd period - Stopped by Ilya Bryzgalov without a rebound.
3:41 of 2nd period - Antoine Vermette wins face-off versus Marcel Goc in Jets zone.
4:54 of 2nd period - Shot by Scott Hartnell.
4:54 of 2nd period - Shot Blocked by Ryan Suter.
4:58 of 2nd period - Shot by Scott Hartnell.
4:58 of 2nd period - Shot Misses the Net.
5:02 of 2nd period - Shot by R.J. Umberger.
5:02 of 2nd period - Shot Misses the Net.
5:17 of 2nd period - Icing by Tim Gleason.
5:18 of 2nd period - Mike Ribeiro wins face-off versus Paul Stastny in Lightning zone.
5:27 of 2nd period - Shot by Ryan Malone.
5:27 of 2nd period - Shot Misses the Net.
5:29 of 2nd period - Shot by Martin Erat.
5:29 of 2nd period - Shot Blocked by Tim Gleason.
5:33 of 2nd period - Shot by Mike Ribeiro.
5:33 of 2nd period - Stopped by Cory Schneider without a rebound.
5:34 of 2nd period - Brian Boyle wins face-off versus Tomas Plekanec in Lightning zone.
5:35 of 2nd period - Shot by Clarke MacArthur.
5:35 of 2nd period - Stopped by Cory Schneider without a rebound.
5:36 of 2nd period - Brian Boyle wins face-off versus Tomas Plekanec in Lightning zone.
5:44 of 2nd period - Icing by Andrej Meszaros.
5:45 of 2nd period - Tomas Plekanec wins face-off versus Mike Ribeiro in Lightning zone.
6:16 of 2nd period - Shot by Patrick Kane.
6:16 of 2nd period - Shot Blocked by Christian Ehrhoff.
7:04 of 2nd period - Double Minor Penalty to Brian Boyle for High sticking.
7:05 of 2nd period - Frans Nielsen wins face-off versus Paul Stastny in Jets zone.
7:36 of 2nd period - Shot by Barret Jackman.
7:36 of 2nd period - Stopped by Ilya Bryzgalov without a rebound.
7:37 of 2nd period - Scott Hartnell wins face-off versus Frans Nielsen in Jets zone.
7:51 of 2nd period - Martin Havlat is hit by Marc Staal and loses puck.
8:04 of 2nd period - Shot by Martin Havlat.
8:04 of 2nd period - Goal by Martin Havlat - Jets : 1 - Lightning : 4.
8:05 of 2nd period - Mike Ribeiro wins face-off versus Paul Stastny in neutral zone.
8:35 of 2nd period - Off-side.
8:36 of 2nd period - Tomas Plekanec wins face-off versus Frans Nielsen in neutral zone.
8:41 of 2nd period - Shot by Scott Hartnell.
8:41 of 2nd period - Stopped by Ilya Bryzgalov without a rebound.
8:42 of 2nd period - Mike Ribeiro wins face-off versus Tomas Plekanec in Jets zone.
9:11 of 2nd period - Icing by Ilya Kovalchuk.
9:12 of 2nd period - Mike Ribeiro wins face-off versus Tomas Plekanec in Lightning zone.
10:08 of 2nd period - Icing by Alex Goligoski.
10:09 of 2nd period - Brian Boyle wins face-off versus Marcel Goc in Jets zone.
10:09 of 2nd period - Brian Boyle is hit by Marcel Goc.
10:23 of 2nd period - Shot by Clarke MacArthur.
10:23 of 2nd period - Stopped by Cory Schneider without a rebound.
10:24 of 2nd period - R.J. Umberger wins face-off versus Mike Ribeiro in Lightning zone.
10:24 of 2nd period - R.J. Umberger is hit by Ryan Malone.
10:39 of 2nd period - Andy Sutton is hit by Christian Ehrhoff and loses puck.
10:51 of 2nd period - Minor Penalty to Scott Hartnell for Holding.
10:52 of 2nd period - Frans Nielsen wins face-off versus Tomas Plekanec in Lightning zone.
11:21 of 2nd period - Shot by R.J. Umberger.
11:21 of 2nd period - Stopped by Ilya Bryzgalov without a rebound.
11:22 of 2nd period - Mike Ribeiro wins face-off versus Tomas Plekanec in Jets zone.
11:40 of 2nd period - Shot by Erik Cole.
11:40 of 2nd period - Stopped by Cory Schneider without a rebound.
11:41 of 2nd period - Mike Ribeiro wins face-off versus Tomas Plekanec in Lightning zone.
12:28 of 2nd period - Shot by Mark Giordano.
12:28 of 2nd period - Shot Blocked by Andrej Meszaros.
12:32 of 2nd period - Shot by Ryan Malone.
12:32 of 2nd period - Stopped by Cory Schneider with a rebound.
12:36 of 2nd period - Shot by Frans Nielsen.
12:36 of 2nd period - Deflect By Ryan Malone.
12:36 of 2nd period - Shot Hit the Post.
12:40 of 2nd period - Shot by Ryan Malone.
12:40 of 2nd period - Shot Misses the Net.
12:42 of 2nd period - Shot by Ryan Malone.
12:42 of 2nd period - Stopped by Cory Schneider without a rebound.
12:43 of 2nd period - Tomas Plekanec wins face-off versus Martin Erat in Lightning zone.
13:17 of 2nd period - Shot by Martin Havlat.
13:17 of 2nd period - Goal by Martin Havlat - Jets : 1 - Lightning : 5.
13:17 of 2nd period - Steve Mason enters game.
13:18 of 2nd period - Antoine Vermette wins face-off versus Tomas Plekanec in neutral zone.
13:21 of 2nd period - Andrej Meszaros is hit by Ryan Callahan and loses puck.
14:05 of 2nd period - Off-side.
14:06 of 2nd period - R.J. Umberger wins face-off versus Brian Boyle in neutral zone.
14:08 of 2nd period - Minor Penalty to Mark Giordano for Hooking.
14:09 of 2nd period - Paul Stastny wins face-off versus Mike Ribeiro in Jets zone.
14:10 of 2nd period - Shot by Ilya Kovalchuk.
14:10 of 2nd period - Stopped by Steve Mason with a rebound.
14:12 of 2nd period - Shot by Ilya Kovalchuk.
14:12 of 2nd period - Shot Misses the Net.
14:16 of 2nd period - Shot by Patrick Kane.
14:16 of 2nd period - Shot Misses the Net.
14:18 of 2nd period - Shot by Barret Jackman.
14:18 of 2nd period - Shot Misses the Net.
14:20 of 2nd period - Shot by Andy Sutton.
14:20 of 2nd period - Shot Misses the Net.
14:22 of 2nd period - Shot by Paul Stastny.
14:22 of 2nd period - Shot Misses the Net.
14:26 of 2nd period - Shot by Patrick Kane.
14:26 of 2nd period - Shot Blocked by Marc Staal.
14:28 of 2nd period - Shot by Barret Jackman.
14:28 of 2nd period - Stopped by Steve Mason without a rebound.
14:29 of 2nd period - Tomas Plekanec wins face-off versus Frans Nielsen in Jets zone.
15:17 of 2nd period - Shot by Patrick Kane.
15:17 of 2nd period - Shot Misses the Net.
15:19 of 2nd period - Shot by Paul Stastny.
15:19 of 2nd period - Stopped by Steve Mason without a rebound.
15:20 of 2nd period - Paul Stastny wins face-off versus Jordan Caron in Jets zone.
15:25 of 2nd period - Shot by Martin Havlat.
15:25 of 2nd period - Stopped by Steve Mason without a rebound.
15:26 of 2nd period - Mike Ribeiro wins face-off versus Paul Stastny in Jets zone.
15:56 of 2nd period - Icing by Barret Jackman.
15:57 of 2nd period - Frans Nielsen wins face-off versus Paul Stastny in Lightning zone.
16:34 of 2nd period - Mark Giordano beats up Maxime Talbot.
16:34 of 2nd period - Penalty to Maxime Talbot for Fighting.
16:34 of 2nd period - Penalty to Mark Giordano for Fighting.
16:35 of 2nd period - R.J. Umberger wins face-off versus Frans Nielsen in Lightning zone.
17:32 of 2nd period - Shot by Ryan Malone.
17:32 of 2nd period - Shot Misses the Net.
17:37 of 2nd period - Shot by Martin Erat.
17:37 of 2nd period - Goal by Martin Erat - Jets : 2 - Lightning : 5.
17:38 of 2nd period - Brian Boyle wins face-off versus Marcel Goc in neutral zone.
18:32 of 2nd period - Icing by Josh Gorges.
18:33 of 2nd period - Marcel Goc wins face-off versus Antoine Vermette in Lightning zone.
18:33 of 2nd period - Minor Penalty to Ryan Callahan for Delaying the game.
18:34 of 2nd period - Mike Ribeiro wins face-off versus Paul Stastny in Jets zone.
18:59 of 2nd period - Shot by Ilya Kovalchuk.
18:59 of 2nd period - Stopped by Steve Mason without a rebound.
19:00 of 2nd period - Tomas Plekanec wins face-off versus Frans Nielsen in Jets zone.
19:20 of 2nd period - Shot by Martin Havlat.
19:20 of 2nd period - Stopped by Steve Mason without a rebound.
19:21 of 2nd period - Mike Ribeiro wins face-off versus Paul Stastny in Jets zone.
19:27 of 2nd period - Icing by Brent Seabrook.
19:28 of 2nd period - Paul Stastny wins face-off versus Mike Ribeiro in Lightning zone.
19:30 of 2nd period - Icing by Patrick Kane.
19:31 of 2nd period - Paul Stastny wins face-off versus Frans Nielsen in Lightning zone.

Period #3

0:01 of 3rd period - Paul Stastny wins face-off versus Frans Nielsen in neutral zone.
0:22 of 3rd period - Shot by Paul Stastny.
0:22 of 3rd period - Goal by Paul Stastny - Jets : 2 - Lightning : 6.
0:23 of 3rd period - Mike Ribeiro wins face-off versus Marcel Goc in neutral zone.
1:04 of 3rd period - Shot by Martin Erat.
1:04 of 3rd period - Stopped by Cory Schneider with a rebound.
1:32 of 3rd period - Shot by Frans Nielsen.
1:32 of 3rd period - Shot Misses the Net.
1:34 of 3rd period - Shot by Ryan Callahan.
1:34 of 3rd period - Stopped by Cory Schneider with a rebound.
1:38 of 3rd period - Shot by Ryan Callahan.
1:38 of 3rd period - Stopped by Cory Schneider with a rebound.
1:40 of 3rd period - Shot by Erik Cole.
1:40 of 3rd period - Shot Misses the Net.
1:42 of 3rd period - Shot by Erik Cole.
1:42 of 3rd period - Deflect By Ryan Callahan.
1:42 of 3rd period - Shot Misses the Net.
1:44 of 3rd period - Shot by Erik Cole.
1:44 of 3rd period - Stopped by Cory Schneider without a rebound.
1:45 of 3rd period - Paul Stastny wins face-off versus Brian Boyle in Lightning zone.
1:56 of 3rd period - Icing by Brian Boyle.
1:57 of 3rd period - Tomas Plekanec wins face-off versus Clarke MacArthur in Jets zone.
2:00 of 3rd period - Shot by Patrick Kane.
2:00 of 3rd period - Shot Hit the Post.
2:08 of 3rd period - Shot by Marc Staal.
2:08 of 3rd period - Shot Misses the Net.
2:14 of 3rd period - Shot by Clarke MacArthur.
2:14 of 3rd period - Shot Misses the Net.
2:18 of 3rd period - Shot by Mark Giordano.
2:18 of 3rd period - Stopped by Cory Schneider with a rebound.
2:22 of 3rd period - Shot by Marc Staal.
2:22 of 3rd period - Stopped by Cory Schneider without a rebound.
2:23 of 3rd period - R.J. Umberger wins face-off versus Antoine Vermette in Lightning zone.
3:03 of 3rd period - Shot by Antoine Vermette.
3:03 of 3rd period - Shot Misses the Net.
3:05 of 3rd period - Shot by Jordan Caron.
3:05 of 3rd period - Deflect By Ryan Callahan.
3:05 of 3rd period - Shot Blocked by Andy Sutton.
3:17 of 3rd period - Shot by Mike Ribeiro.
3:17 of 3rd period - Stopped by Cory Schneider with a rebound.
3:21 of 3rd period - Shot by Mike Ribeiro.
3:21 of 3rd period - Stopped by Cory Schneider without a rebound.
3:22 of 3rd period - Clarke MacArthur wins face-off versus Paul Stastny in Lightning zone.
3:35 of 3rd period - Shot by Paul Stastny.
3:35 of 3rd period - Stopped by Steve Mason without a rebound.
3:36 of 3rd period - Mike Ribeiro wins face-off versus Tomas Plekanec in Jets zone.
3:36 of 3rd period - Mike Ribeiro is hit by Tomas Plekanec.
4:03 of 3rd period - Shot by Patrick Sharp.
4:03 of 3rd period - Stopped by Steve Mason without a rebound.
4:04 of 3rd period - Brian Boyle wins face-off versus Paul Stastny in Jets zone.
4:19 of 3rd period - Shot by Paul Stastny.
4:19 of 3rd period - Stopped by Steve Mason without a rebound.
4:19 of 3rd period - Minor Penalty to Mark Giordano for Diving.
4:20 of 3rd period - Frans Nielsen wins face-off versus Patrick Kane in Jets zone.
5:00 of 3rd period - Icing by Patrick Kane.
5:01 of 3rd period - Mike Ribeiro wins face-off versus Paul Stastny in Lightning zone.
5:27 of 3rd period - Icing by Andrej Meszaros.
5:28 of 3rd period - Tomas Plekanec wins face-off versus Mike Ribeiro in Lightning zone.
5:41 of 3rd period - Shot by Patrick Sharp.
5:41 of 3rd period - Goal by Patrick Sharp - Jets : 2 - Lightning : 7.
5:42 of 3rd period - Marcel Goc wins face-off versus Brian Boyle in neutral zone.
5:47 of 3rd period - Shot by Maxime Talbot.
5:47 of 3rd period - Stopped by Steve Mason with a rebound.
6:37 of 3rd period - Icing by Andrej Meszaros.
6:38 of 3rd period - Erik Cole wins face-off versus Marcel Goc in Lightning zone.
7:19 of 3rd period - Shot by Erik Cole.
7:19 of 3rd period - Shot Misses the Net.
7:21 of 3rd period - Shot by Ryan Callahan.
7:21 of 3rd period - Deflect By Frans Nielsen.
7:21 of 3rd period - Shot Misses the Net.
7:30 of 3rd period - Off-side.
7:31 of 3rd period - R.J. Umberger wins face-off versus Mike Ribeiro in neutral zone.
7:44 of 3rd period - Shot by R.J. Umberger.
7:44 of 3rd period - Shot Blocked by Ryan Malone.
8:33 of 3rd period - Shot by Clarke MacArthur.
8:33 of 3rd period - Goal by Clarke MacArthur - Jets : 3 - Lightning : 7.
8:34 of 3rd period - Antoine Vermette wins face-off versus Paul Stastny in neutral zone.
8:54 of 3rd period - Minor Penalty to Martin Havlat for Hooking.
8:55 of 3rd period - Tomas Plekanec wins face-off versus Frans Nielsen in Lightning zone.
9:17 of 3rd period - Shot by Mark Giordano.
9:17 of 3rd period - Stopped by Cory Schneider without a rebound.
9:18 of 3rd period - Tomas Plekanec wins face-off versus Mike Ribeiro in Lightning zone.
9:35 of 3rd period - Off-side.
9:36 of 3rd period - Tomas Plekanec wins face-off versus Mike Ribeiro in neutral zone.
9:59 of 3rd period - Shot by Ryan Suter.
9:59 of 3rd period - Shot Blocked by Tim Gleason.
10:27 of 3rd period - Shot by James Wisniewski.
10:27 of 3rd period - Stopped by Cory Schneider without a rebound.
10:28 of 3rd period - Tomas Plekanec wins face-off versus Ryan Malone in Lightning zone.
10:38 of 3rd period - Off-side.
10:39 of 3rd period - Mike Ribeiro wins face-off versus Tomas Plekanec in neutral zone.
10:42 of 3rd period - Shot by Ryan Suter.
10:42 of 3rd period - Stopped by Cory Schneider without a rebound.
10:43 of 3rd period - Patrick Sharp wins face-off versus Frans Nielsen in Lightning zone.
11:58 of 3rd period - Shot by Patrick Sharp.
11:58 of 3rd period - Stopped by Steve Mason without a rebound.
11:59 of 3rd period - R.J. Umberger wins face-off versus Mike Ribeiro in Jets zone.
12:05 of 3rd period - Martin Erat is hit by Andy Sutton and loses puck.
12:21 of 3rd period - Minor Penalty to Andy Sutton for Interference.
12:22 of 3rd period - R.J. Umberger wins face-off versus Mike Ribeiro in Lightning zone.
12:37 of 3rd period - Shot by Mike Ribeiro.
12:37 of 3rd period - Shot Blocked by Maxime Talbot.
12:39 of 3rd period - Shot by Erik Cole.
12:39 of 3rd period - Stopped by Cory Schneider without a rebound.
12:40 of 3rd period - R.J. Umberger wins face-off versus Frans Nielsen in Lightning zone.
13:02 of 3rd period - Shot by Mark Giordano.
13:02 of 3rd period - Shot Misses the Net.
13:08 of 3rd period - Shot by Mark Giordano.
13:08 of 3rd period - Stopped by Cory Schneider without a rebound.
13:09 of 3rd period - Tomas Plekanec wins face-off versus Mike Ribeiro in Lightning zone.
13:18 of 3rd period - Shot by Ryan Suter.
13:18 of 3rd period - Shot Misses the Net.
13:30 of 3rd period - Shot by Christian Ehrhoff.
13:30 of 3rd period - Shot Misses the Net.
13:32 of 3rd period - Shot by Christian Ehrhoff.
13:32 of 3rd period - Shot Misses the Net.
13:34 of 3rd period - Shot by Christian Ehrhoff.
13:34 of 3rd period - Goal by Christian Ehrhoff - Jets : 4 - Lightning : 7.
13:35 of 3rd period - R.J. Umberger wins face-off versus Brian Boyle in neutral zone.
13:53 of 3rd period - Shot by Scott Hartnell.
13:53 of 3rd period - Stopped by Steve Mason with a rebound.
13:55 of 3rd period - Shot by Scott Hartnell.
13:55 of 3rd period - Shot Blocked by Colby Armstrong.
13:57 of 3rd period - Shot by Teddy Purcell.
13:57 of 3rd period - Stopped by Steve Mason without a rebound.
13:58 of 3rd period - Antoine Vermette wins face-off versus Tomas Plekanec in Jets zone.
14:04 of 3rd period - Icing by Antoine Vermette.
14:05 of 3rd period - Antoine Vermette wins face-off versus Tomas Plekanec in Jets zone.
14:10 of 3rd period - James Wisniewski is hit by Tomas Plekanec and loses puck.
16:04 of 3rd period - Andy Sutton is hit by Ryan Malone and loses puck.
16:05 of 3rd period - Minor Penalty to Ryan Malone for Cross-checking.
16:06 of 3rd period - Frans Nielsen wins face-off versus Tomas Plekanec in Jets zone.
16:55 of 3rd period - Shot by Brent Seabrook.
16:55 of 3rd period - Shot Misses the Net.
16:59 of 3rd period - Shot by Ilya Kovalchuk.
16:59 of 3rd period - Shot Misses the Net.
17:01 of 3rd period - Shot by Paul Stastny.
17:01 of 3rd period - Shot Misses the Net.
17:03 of 3rd period - Shot by Ilya Kovalchuk.
17:03 of 3rd period - Shot Misses the Net.
17:05 of 3rd period - Shot by Barret Jackman.
17:05 of 3rd period - Shot Misses the Net.
17:09 of 3rd period - Shot by Patrick Kane.
17:09 of 3rd period - Shot Misses the Net.
17:13 of 3rd period - Shot by Patrick Kane.
17:13 of 3rd period - Stopped by Steve Mason without a rebound.
17:14 of 3rd period - Mike Ribeiro wins face-off versus Tomas Plekanec in Jets zone.
17:14 of 3rd period - Mike Ribeiro is hit by Scott Hartnell.
17:34 of 3rd period - Shot by Scott Hartnell.
17:34 of 3rd period - Deflect By Patrick Sharp.
17:34 of 3rd period - Stopped by Steve Mason with a rebound.
17:36 of 3rd period - Shot by Scott Hartnell.
17:36 of 3rd period - Shot Misses the Net.
17:38 of 3rd period - Shot by Tomas Plekanec.
17:38 of 3rd period - Stopped by Steve Mason without a rebound.
17:39 of 3rd period - Paul Stastny wins face-off versus Mike Ribeiro in Jets zone.
18:18 of 3rd period - Shot by Marcel Goc.
18:18 of 3rd period - Shot Misses the Net.
18:20 of 3rd period - Shot by Andrej Meszaros.
18:20 of 3rd period - Shot Misses the Net.
18:28 of 3rd period - Shot by Maxime Talbot.
18:28 of 3rd period - Goal by Maxime Talbot - Jets : 4 - Lightning : 8.
18:29 of 3rd period - Frans Nielsen wins face-off versus R.J. Umberger in neutral zone.
18:59 of 3rd period - Icing by Erik Cole.
19:00 of 3rd period - Frans Nielsen wins face-off versus Tomas Plekanec in Jets zone.
19:34 of 3rd period - Tomas Plekanec is hit by Christian Ehrhoff and loses puck.


Output by the SimonT Hockey Simulator (STHS) for Stephane Roy -- Original Page W3C XHTML 1.0 Valid